[Event "51st La Roda Open 2025"]
[Site "La Roda"]
[Date "2025.04.19"]
[Round "8.1"]
[White "Kanov, Nikola"]
[Black "Pranav Vijay"]
[Result "1/2-1/2"]
[Annotator "ChessBase"]
[ECO "B00"]
[WhiteElo "2413"]
[BlackElo "2252"]
[PlyCount "88"]
[EventDate "2025.04.15"]
[EventType "swiss"]
[EventCountry "ESP"]
[SourceTitle "playchess.com"]
[Source "ChessBase"]
[SourceQuality "1"]
[TimeControl "5400+30"]

1. e4 Nc6 2. Nf3 d6 3. d4 Nf6 4. d5 Nb8 5. Nc3 g6 6. Be3 Bg7 7. h3 c6 8. dxc6 Nxc6 9. Qd2 O-O 10. Bd3 d5 11. exd5 Nxd5 12. Bh6 Ndb4 13. Bxg7 Kxg7 14. O-O-O Nxd3+ 15. Qxd3 Qxd3 16. Rxd3 Bf5 17. Rd2 Rad8 18. Rhd1 Rxd2 19. Rxd2 e5 20. Nb5 b6 21. Nd6 Bc8 22. Nxc8 Rxc8 23. b3 Kf6 24. Kb2 h6 25. Rd6+ Ke7 26. Rd5 f6 27. a3 Ke6 28. c4 Ne7 29. Rd1 Nf5 30. a4 Nd6 31. Re1 Kf7 32. Rd1 Ke7 33. Re1 Rd8 34. Kc3 a5 35. Nd4 Kf7 36. Nb5 Nb7 37. Nc7 Rd4 38. Nd5 Nc5 39. Kc2 Ke6 40. Nxb6 Nd3 41. Rd1 Nb4+ 42. Kc1 Na2+ 43. Kc2 Nb4+ 44. Kc1 Na2+ 1/2-1/2

[Event "51st La Roda Open 2025"]
[Site "La Roda"]
[Date "2025.04.19"]
[Round "8.2"]
[White "Gumularz, Szymon"]
[Black "Leiva Raya, Nicolas"]
[Result "1-0"]
[Annotator "TA"]
[ECO "B44"]
[WhiteElo "2604"]
[BlackElo "1831"]
[PlyCount "71"]
[EventDate "2025.04.15"]
[EventType "swiss"]
[EventCountry "ESP"]
[SourceTitle "playchess.com"]
[Source "ChessBase"]
[SourceQuality "1"]
[TimeControl "5400+30"]

1. c4 Nf6 2. Nc3 e6 3. e4 c5 4. Nf3 Nc6 5. d4 cxd4 6. Nxd4 Nxd4 {[%emt 0:00:25] B44: Sicilian: Taimanov: 5 Nb5.} (6... Bc5 $11 7. Nc2 Qb6) 7. Qxd4 $14 b6 8. e5 Bc5 {[%emt 0:00:36] White is slightly better.} 9. Qf4 Ng8 10. Qg3 g6 (10... Kf8 $142) 11. Bg5 $16 Qc7 $146 {[%emt 0:02:17] Black is weak on the light squares} (11... Ne7 12. Bf6 O-O 13. O-O-O Qe8 14. h4 Nf5 15. Qf3 Nd4 16. Qxa8 Nc6 17. Nb5 Be7 18. Nxa7 Nxa7 19. Bxe7 Qxe7 20. Qxa7 {1-0 Raphael,A-Boettner,J CT Queen 21832 2019}) 12. O-O-O h6 {[%emt 0:02:08] Against h4} 13. Nb5 Qc6 {[%emt 0:01:31] A sharp opening} 14. Be3 Ba6 {[%emt 0:01:17] [#] and ...Bxe3+ should not be overlooked} 15. Bxc5 (15. Kb1 $1 $16) 15... Bxb5 $1 $14 16. Ba3 (16. cxb5 {simplifies} Qxc5+ 17. Kb1 Ne7 18. Bd3) 16... Bxc4 17. Bxc4 Qxc4+ 18. Kb1 Ne7 (18... Qe4+ $11 {remains equal.} 19. Ka1 Ne7) 19. Qf3 $36 {[%emt 0:00:20][%mdl 3072] White has strong compensation. White is in control.} Nc6 20. b3 Qb5 21. Rhe1 {[%emt 0:03:59] White is much more active. The black rooks are passive.} O-O-O {[%emt 0:06:57] This move loses the game for Black.} ({Better is} 21... a5 $14) 22. Bd6 $18 ({Don't take} 22. Qxf7 $6 Nxe5 23. Qf6 Nc6 $14) 22... f5 (22... g5 23. Qxf7 g4) 23. exf6 {[%emt 0:03:57][%cal Oe1e5] and Re5! should not be overlooked} Qf5+ 24. Qxf5 gxf5 25. f7 (25. b4 $18) 25... Rhf8 26. Bxf8 Rxf8 $16 {[%emt 0:00:03][%mdl 4096] Endgame KRR-KRN} 27. Rd3 Rxf7 28. Rh3 Rf6 29. Rg3 Kc7 30. Rg7 e5 (30... f4 $16 {might work better.} 31. Rd1 Ne5) 31. Rd1 $18 Rd6 (31... Nb8 $142 32. Re7 e4) 32. Rxd6 Kxd6 33. Rg6+ Kc5 $2 (33... Ke7 34. Rxh6 Nd8 35. Rh7+ Ke6 36. Rh6+ Ke7) 34. Rxh6 {[%emt 0:00:06] White is clearly winning.} d5 35. h4 d4 {[%emt 0:00:11] [#]} 36. Rxc6+ $1 {[%emt 0:01:28][%mdl 512] Weighted Error Value: White=0.17 (very precise) /Black=0.65  Mistake:       	White=2     	Black=7      Inaccurate:     	White=2     	Black=2      OK:         	White=13    	Black=7      Best:        	White=4     	Black=4      Strong:       	---       	Black=1} 1-0

[Event "51st La Roda Open 2025"]
[Site "La Roda"]
[Date "2025.04.19"]
[Round "8.3"]
[White "Santos, Antonio P"]
[Black "Albornoz Cabrera, Carlos Daniel"]
[Result "0-1"]
[Annotator "TA"]
[ECO "E04"]
[WhiteElo "2152"]
[BlackElo "2561"]
[PlyCount "82"]
[EventDate "2025.04.15"]
[EventType "swiss"]
[EventCountry "ESP"]
[SourceTitle "playchess.com"]
[Source "ChessBase"]
[SourceQuality "1"]
[TimeControl "5400+30"]

1. d4 Nf6 2. c4 e6 3. Nf3 d5 4. g3 dxc4 5. Bg2 Nc6 6. Qa4 Bb4+ 7. Bd2 Nd5 8. O-O {[%emt 0:10:37] E04: Open Catalan: 5 Nf3.} Bxd2 9. Nfxd2 O-O 10. e3 {[%emt 0:01:36] White sacrificed a pawn. The position is equal.} Nb6 11. Qc2 e5 12. dxe5 Nxe5 13. Na3 $146 (13. b3 Qd3 14. Qb2 Re8 15. Be4 Qd6 16. bxc4 Bh3 17. Rc1 Rad8 18. f4 Nexc4 19. Nxc4 Nxc4 {0-1 Sevcik,M (2201)-Pacher,M (2388) SVK-chT 2324 2023 (6.5)}) 13... Qd3 14. Rfc1 Bf5 15. e4 (15. Qxd3 $11 Nxd3 16. Rc2) 15... Be6 $17 {[%emt 0:01:53] Black has more active pieces.} 16. Qxd3 Nxd3 17. Rc2 Nb4 18. Rc3 Na4 19. Rcc1 Nxb2 20. Ndxc4 Nxc4 21. Nxc4 b6 22. Ne5 c5 23. a3 {[%emt 0:00:21] [#]} Na6 ({Of course not} 23... Na2 $6 24. Rc2 $11) 24. f4 Rac8 $36 {[%emt 0:02:37][%mdl 2048] Keeping White busy.} 25. Bf1 Nb8 26. f5 Bb3 27. Bc4 (27. Bb5 $17) 27... Rfe8 $19 28. Nxf7 (28. Bxb3 {was called for.} Rxe5 29. Bd5) 28... Bxc4 29. Nd6 Bd3 30. e5 Rcd8 31. Nxe8 Rxe8 32. g4 Rxe5 33. Re1 Nc6 34. Rxe5 Nxe5 35. h3 {[%emt 0:00:23] [#]} h5 $1 36. Kf2 (36. gxh5 Bxf5) 36... hxg4 37. Re1 g3+ {[%emt 0:01:40] Black is clearly winning.} 38. Kxg3 Nc6 39. Kf4 c4 40. Re6 Nd4 41. Re7 c3 {[%emt 0:01:00] Weighted Error Value: White=0.25 (precise) /Black=0.05 (flawless)   Mistake:       	White=3     	---        Inaccurate:     	White=4     	---        OK:         	White=15    	Black=18     Best:        	White=2     	Black=5} 0-1

[Event "51st La Roda Open 2025"]
[Site "La Roda"]
[Date "2025.04.19"]
[Round "8.4"]
[White "Lopez Martinez, Josep Manuel"]
[Black "Fier, Alexandr"]
[Result "1/2-1/2"]
[Annotator "RC"]
[ECO "D24"]
[WhiteElo "2460"]
[BlackElo "2534"]
[PlyCount "44"]
[EventDate "2025.04.15"]
[EventType "swiss"]
[EventCountry "ESP"]
[SourceTitle "playchess.com"]
[Source "ChessBase"]
[SourceQuality "1"]
[TimeControl "5400+30"]

1. Nf3 d5 2. d4 Nf6 3. c4 e6 4. Nc3 dxc4 5. e3 a6 6. a4 b6 7. Bxc4 Bb7 8. O-O Bb4 9. Qe2 O-O 10. Na2 Bd6 11. Nc3 c5 12. Rd1 Nbd7 13. h3 Qc7 14. d5 exd5 15. Nxd5 Nxd5 16. Bxd5 Bxd5 17. Rxd5 Nf6 18. Rd1 c4 19. Bd2 Ne4 20. Be1 b5 21. axb5 axb5 22. Nd4 Rxa1 1/2-1/2

[Event "51st La Roda Open 2025"]
[Site "La Roda"]
[Date "2025.04.19"]
[Round "8.5"]
[White "Sierra Vallina, Lionel"]
[Black "Suleymenov, Alisher"]
[Result "1/2-1/2"]
[Annotator "RC"]
[ECO "B30"]
[WhiteElo "2342"]
[BlackElo "2478"]
[PlyCount "282"]
[EventDate "2025.04.15"]
[EventType "swiss"]
[EventCountry "ESP"]
[SourceTitle "playchess.com"]
[Source "ChessBase"]
[SourceQuality "1"]
[TimeControl "5400+30"]

1. e4 c5 2. Nf3 Nc6 3. Bb5 e6 4. O-O Nd4 5. Nxd4 cxd4 6. c3 a6 7. Be2 Bc5 8. b4 Ba7 9. Bb2 d5 10. exd5 Ne7 11. c4 exd5 12. c5 O-O 13. Bxd4 Nc6 14. Bb2 Nxb4 15. d4 b6 16. cxb6 Qxb6 17. Nd2 Qg6 18. Nb3 Bh3 19. Bf3 Nd3 20. Bc1 Rad8 21. Qd2 h6 22. Ba3 Rfe8 23. Rad1 Bf5 24. Nc1 Nxc1 25. Rxc1 Bd3 26. Rfe1 Bxd4 27. Be7 Rb8 28. Qf4 Qb6 29. Bxd5 Bg6 30. h3 Rbc8 31. Rxc8 Rxc8 32. Bh4 Qa5 33. Rd1 Qxd5 34. Qxd4 Qxa2 35. Ra1 Qc4 36. Qxc4 Rxc4 37. Be7 Bd3 38. Ra5 Rc1+ 39. Kh2 Rc2 40. Bc5 Bb5 41. Be3 f5 42. g3 Kf7 43. h4 g5 44. hxg5 hxg5 45. Ra1 g4 46. Kg1 Ke6 47. Bb6 Rc8 48. Kg2 Rh8 49. Ra2 Rb8 50. Be3 Bd3 51. f3 Bc4 52. Ra4 Rb2+ 53. Bf2 Bb5 54. Ra1 Bc6 55. Rxa6 Kd7 56. Ra7+ Kd6 57. Ra1 gxf3+ 58. Kg1 Be4 59. Rd1+ Ke6 60. Kf1 Rc2 61. Kg1 Ra2 62. Kf1 Kf7 63. Kg1 Kg6 64. Kf1 Kh5 65. Kg1 Kg4 66. Kf1 Ra8 67. Kg1 Kh3 68. Re1 Rg8 69. Re3 Bd5 70. Re5 Be4 71. Rc5 Rd8 72. Rc1 f4 73. gxf4 Rg8+ 74. Kf1 Bd3+ 75. Ke1 Re8+ 76. Kd1 Kg2 77. Bc5 Re2 78. Rc3 Bf5 79. Kc1 Re8 80. Kb2 Rb8+ 81. Rb3 Rc8 82. Rc3 Rb8+ 83. Rb3 Rd8 84. Rc3 f2 85. Bxf2 Kxf2 86. Rc5 Rf8 87. Re5 Kf3 88. Kc3 Be4 89. Kd4 Rd8+ 90. Kc5 Kxf4 91. Rh5 Bf5 92. Kc6 Ke5 93. Kc5 Rc8+ 94. Kb5 Rc1 95. Rg5 Ke6 96. Kb4 Be4 97. Rc5 Rb1+ 98. Kc3 Bd5 99. Kd4 Rd1+ 100. Ke3 Ke5 101. Rc8 Ra1 102. Re8+ Be6 103. Re7 Ra8 104. Ke2 Kd5 105. Ke3 Ra1 106. Re8 Re1+ 107. Kd2 Re5 108. Rh8 Re4 109. Kd3 Bf5 110. Rd8+ Kc5 111. Kd2 Be6 112. Kd3 Re5 113. Rh8 Bc4+ 114. Kd2 Kb4 115. Rh2 Re4 116. Rg2 Kc5 117. Rg7 Kd4 118. Rd7+ Bd5 119. Rd8 Rg4 120. Rd7 Rg2+ 121. Kd1 Ke4 122. Kc1 Rg5 123. Kc2 Rg3 124. Kd2 Rd3+ 125. Ke2 Ra3 126. Kd2 Kd4 127. Rd8 Ra5 128. Rd7 Ra2+ 129. Kd1 Ke4 130. Kc1 Bc4 131. Rd2 Ra8 132. Kb2 Bd3 133. Rh2 Kd4 134. Rh4+ Be4 135. Kb3 Rb8+ 136. Ka4 Kd5 137. Ka3 Bd3 138. Rb4 Ra8+ 139. Kb2 Bc4 140. Rb7 Kd4 141. Rd7+ Ke5 1/2-1/2

[Event "51st La Roda Open 2025"]
[Site "La Roda"]
[Date "2025.04.19"]
[Round "8.6"]
[White "Hernandez Leon, Alberto"]
[Black "Yordanov, Lachezar"]
[Result "1/2-1/2"]
[Annotator "RC"]
[ECO "E11"]
[WhiteElo "2174"]
[BlackElo "2364"]
[PlyCount "34"]
[EventDate "2025.04.15"]
[EventType "swiss"]
[EventCountry "ESP"]
[SourceTitle "playchess.com"]
[Source "ChessBase"]
[SourceQuality "1"]
[TimeControl "5400+30"]

1. d4 Nf6 2. c4 e6 3. Nf3 d5 4. g3 Bb4+ 5. Bd2 Be7 6. Bg2 O-O 7. O-O Nbd7 8. Qc2 c6 9. Rc1 a5 10. a3 Ne4 11. Be1 f5 12. e3 g5 13. Nfd2 Ndf6 14. Nc3 Bd7 15. Ndxe4 fxe4 16. b4 axb4 17. axb4 Rxa1 1/2-1/2

[Event "51st La Roda Open 2025"]
[Site "La Roda"]
[Date "2025.04.19"]
[Round "8.7"]
[White "Buendia Pinar, Alvaro"]
[Black "Rodriguez Garcia, Manuel Francisco"]
[Result "1-0"]
[Annotator "ChessBase"]
[ECO "D50"]
[WhiteElo "2322"]
[BlackElo "2131"]
[PlyCount "79"]
[EventDate "2025.04.15"]
[EventType "swiss"]
[EventCountry "ESP"]
[SourceTitle "playchess.com"]
[Source "ChessBase"]
[SourceQuality "1"]
[TimeControl "5400+30"]

1. d4 Nf6 2. c4 e6 3. Nc3 d5 4. Bg5 dxc4 5. e4 b5 6. Nxb5 Bb4+ 7. Nc3 c5 8. dxc5 Qxd1+ 9. Rxd1 Ba6 10. a3 Bxc3+ 11. bxc3 Nbd7 12. Rd6 Nxc5 13. Be3 Nfxe4 14. Rc6 Rb8 15. Bxc5 Rb1+ 16. Ke2 Nxc3+ 17. Kd2 Ne4+ 18. Ke3 Rxf1 19. Bxa7 Re1+ 20. Kf4 Bb7 21. Rc7 Nd6 22. f3 Rb1 23. Bc5 Nf5 24. g4 Kd8 25. Rxf7 Nh4 26. Kg3 Nxf3 27. Nxf3 Rxh1 28. Rxb7 Kc8 29. Rb4 Rc1 30. Be3 Rc3 31. Bf4 Kd7 32. Be5 Rxa3 33. Rxc4 Rf8 34. Bc3 Rc8 35. Rxc8 Kxc8 36. Bxg7 Kd7 37. Kf4 Ke8 38. Bd4 Rd3 39. Ke4 Rb3 40. h4 1-0

[Event "51st La Roda Open 2025"]
[Site "La Roda"]
[Date "2025.04.19"]
[Round "8.8"]
[White "Centron Antuna, Daniel"]
[Black "Rodriguez Rivera, Pedro"]
[Result "1/2-1/2"]
[Annotator "ChessBase"]
[ECO "C41"]
[WhiteElo "2299"]
[BlackElo "2127"]
[PlyCount "97"]
[EventDate "2025.04.15"]
[EventType "swiss"]
[EventCountry "ESP"]
[SourceTitle "playchess.com"]
[Source "ChessBase"]
[SourceQuality "1"]
[TimeControl "5400+30"]

1. e4 d6 2. d4 e5 3. Nf3 exd4 4. Nxd4 Nf6 5. Nc3 Be7 6. Be2 O-O 7. O-O c5 8. Nf3 Nc6 9. Bf4 Re8 10. Re1 Bf8 11. Bc4 Bg4 12. h3 Bh5 13. g4 Bg6 14. Bg5 Be7 15. Qd2 Ne5 16. Nxe5 dxe5 17. Rad1 Qxd2 18. Bxd2 Red8 19. Nd5 Nxd5 20. Bxd5 Rd7 21. Bc3 Bf6 22. f4 exf4 23. Bxf6 gxf6 24. Rf1 Rad8 25. Rde1 f5 26. gxf5 Bxf5 27. Kh2 Bg6 28. Rxf4 Re8 29. c4 Re5 30. Ref1 Rde7 31. Kg3 Bxe4 32. Bxf7+ Kg7 33. R1f2 Rg5+ 34. Kh4 Rge5 35. Bd5 Bg6 36. Kg3 Re3+ 37. R4f3 b6 38. h4 R3e5 39. Rd2 Re2 40. Rf2 Bh5 41. Kf4 Kf6 42. Kg3+ Kg7 43. Bg2 R7e3+ 44. Kf4 Rxf2+ 45. Rxf2 Re2 46. Rxe2 Bxe2 47. Bd5 Kf6 48. a3 h6 49. b4 1/2-1/2

[Event "51st La Roda Open 2025"]
[Site "La Roda"]
[Date "2025.04.19"]
[Round "8.8"]
[White "Centron Antuna, Daniel"]
[Black "Rodriguez Rivera, Pedro"]
[Result "*"]
[Annotator "RC"]
[ECO "C41"]
[WhiteElo "2299"]
[BlackElo "2127"]
[PlyCount "37"]
[EventDate "2025.04.15"]
[EventType "swiss"]
[EventCountry "ESP"]
[SourceTitle "playchess.com"]
[Source "ChessBase"]
[SourceQuality "1"]
[TimeControl "5400+30"]

1. e4 d6 2. d4 e5 3. Nf3 exd4 4. Nxd4 Nf6 5. Nc3 Be7 6. Be2 O-O 7. O-O c5 8. Nf3 Nc6 9. Bf4 Re8 10. Re1 Bf8 11. Bc4 Bg4 12. h3 Bh5 13. g4 Bg6 14. Bg5 Be7 15. Qd2 Ne5 16. Nxe5 dxe5 17. Rad1 Qd6 18. Qd3 Qxd3 19. Bd2 *

[Event "51st La Roda Open 2025"]
[Site "La Roda"]
[Date "2025.04.19"]
[Round "8.9"]
[White "Gonzalez Castillo, Jose Javier"]
[Black "Abdsattar, Alisher"]
[Result "1-0"]
[Annotator "ChessBase"]
[ECO "C54"]
[WhiteElo "2297"]
[BlackElo "2126"]
[PlyCount "67"]
[EventDate "2025.04.15"]
[EventType "swiss"]
[EventCountry "ESP"]
[SourceTitle "playchess.com"]
[Source "ChessBase"]
[SourceQuality "1"]
[TimeControl "5400+30"]

1. e4 e5 2. Nf3 Nc6 3. Bc4 Nf6 4. d3 Bc5 5. c3 d6 6. O-O a5 7. Nbd2 O-O 8. h3 h6 9. Re1 Be6 10. Bb5 Qb8 11. Bxc6 bxc6 12. d4 exd4 13. cxd4 Bb6 14. a4 Qa7 15. Nb1 d5 16. e5 Nd7 17. Nc3 f6 18. exf6 Rxf6 19. Be3 Bf7 20. Nh2 Re8 21. Qd2 Rfe6 22. Rec1 Bh5 23. Nf1 Nb8 24. Ng3 Bg6 25. Nce2 Bh7 26. Ra3 Na6 27. Nf4 Rd6 28. Nfh5 Re7 29. Bf4 Rg6 30. Re1 Rge6 31. Rxe6 Rxe6 32. Be5 Rxe5 33. dxe5 Qa8 34. Nxg7 1-0

[Event "51st La Roda Open 2025"]
[Site "La Roda"]
[Date "2025.04.19"]
[Round "8.10"]
[White "Gomez Peco, David"]
[Black "Garcia Jimenez, Santiago"]
[Result "1/2-1/2"]
[Annotator "ChessBase"]
[ECO "B57"]
[WhiteElo "2085"]
[BlackElo "2241"]
[PlyCount "55"]
[EventDate "2025.04.15"]
[EventType "swiss"]
[EventCountry "ESP"]
[SourceTitle "playchess.com"]
[Source "ChessBase"]
[SourceQuality "1"]
[TimeControl "5400+30"]

1. e4 c5 2. Nf3 Nc6 3. d4 cxd4 4. Nxd4 Nf6 5. Nc3 d6 6. Bc4 Na5 7. Bd3 g6 8. h3 Bg7 9. Be3 O-O 10. O-O Bd7 11. Nd5 Rc8 12. Qe2 Nc6 13. Nb5 Nxd5 14. exd5 Nb4 15. Nxa7 Ra8 16. Bc4 Qa5 17. a3 Nxd5 18. b4 Qa4 19. Bxd5 Bxa1 20. Rxa1 Rxa7 21. Bxa7 Qxa7 22. Qxe7 Qd4 23. Re1 Qxd5 24. Qxd7 Qd2 25. Re3 Qd1+ 26. Kh2 Qxc2 27. Qxd6 Qxf2 28. Rf3 1/2-1/2

[Event "51st La Roda Open 2025"]
[Site "La Roda"]
[Date "2025.04.19"]
[Round "8.11"]
[White "Martinez Herranz, Francisco Jose"]
[Black "Aishwin Daniel"]
[Result "1/2-1/2"]
[Annotator "ChessBase"]
[ECO "A10"]
[WhiteElo "2050"]
[BlackElo "2236"]
[PlyCount "41"]
[EventDate "2025.04.15"]
[EventType "swiss"]
[EventCountry "ESP"]
[SourceTitle "playchess.com"]
[Source "ChessBase"]
[SourceQuality "1"]
[TimeControl "5400+30"]

1. Nf3 e6 2. g3 f5 3. c4 Nf6 4. Bg2 Nc6 5. O-O e5 6. d3 Be7 7. Nc3 O-O 8. a3 a5 9. Qa4 d6 10. b4 Qe8 11. Bb2 Kh8 12. b5 Nd8 13. Qc2 f4 14. e3 Qh5 15. exf4 exf4 16. Ne2 Ne6 17. Rae1 Ng4 18. Ned4 Nxd4 19. Bxd4 Bf6 20. Qc3 Bd7 21. Re4 1/2-1/2

[Event "51st La Roda Open 2025"]
[Site "La Roda"]
[Date "2025.04.19"]
[Round "8.12"]
[White "Pomes Marcet, Joan"]
[Black "Machado Hernandez, Junior"]
[Result "1/2-1/2"]
[Annotator "ChessBase"]
[ECO "B14"]
[WhiteElo "2187"]
[BlackElo "2051"]
[PlyCount "44"]
[EventDate "2025.04.15"]
[EventType "swiss"]
[EventCountry "ESP"]
[SourceTitle "playchess.com"]
[Source "ChessBase"]
[SourceQuality "1"]
[TimeControl "5400+30"]

1. d4 d5 2. c4 e6 3. Nc3 c5 4. cxd5 exd5 5. e3 Nf6 6. Nf3 Nc6 7. Be2 cxd4 8. exd4 Be7 9. O-O O-O 10. Ne5 Qb6 11. Na4 Qd8 12. Nxc6 bxc6 13. Bf4 Ne4 14. f3 Nd6 15. Rc1 Bd7 16. Nc5 Nf5 17. Qa4 Bxc5 18. Rxc5 Qh4 19. g3 Qf6 20. Be5 Qg5 21. Bf4 Qf6 22. Be5 Qg5 1/2-1/2

[Event "51st La Roda Open 2025"]
[Site "La Roda"]
[Date "2025.04.19"]
[Round "8.13"]
[White "Siscar Conill, Aitor"]
[Black "Vehi Bach, Victor Manuel"]
[Result "1/2-1/2"]
[Annotator "ChessBase"]
[ECO "E06"]
[WhiteElo "1986"]
[BlackElo "2178"]
[PlyCount "59"]
[EventDate "2025.04.15"]
[EventType "swiss"]
[EventCountry "ESP"]
[SourceTitle "playchess.com"]
[Source "ChessBase"]
[SourceQuality "1"]
[TimeControl "5400+30"]

1. d4 Nf6 2. Nf3 e6 3. g3 d5 4. Bg2 Be7 5. O-O O-O 6. c4 a5 7. Qc2 c6 8. c5 b6 9. cxb6 Qxb6 10. Nc3 Nbd7 11. b3 Ba6 12. Be3 Rfc8 13. Ne5 c5 14. Nxd7 Nxd7 15. dxc5 Nxc5 16. Qd2 Qd8 17. Rfd1 Bf6 18. Rac1 Nd7 19. Na4 h6 20. Nc5 Nxc5 21. Bxc5 Bb7 22. e4 dxe4 23. Qe1 Qe8 24. Bxe4 Bxe4 25. Qxe4 Qb5 26. Rc4 Rd8 27. Rd6 Rxd6 28. Bxd6 Rd8 29. Bc5 g6 30. Be3 1/2-1/2

[Event "51st La Roda Open 2025"]
[Site "La Roda"]
[Date "2025.04.19"]
[Round "8.14"]
[White "Goncalves, Samuel Jesus P"]
[Black "Amoes, Francisco"]
[Result "1-0"]
[Annotator "ChessBase"]
[ECO "C58"]
[WhiteElo "2248"]
[BlackElo "1875"]
[PlyCount "115"]
[EventDate "2025.04.15"]
[EventType "swiss"]
[EventCountry "ESP"]
[SourceTitle "playchess.com"]
[Source "ChessBase"]
[SourceQuality "1"]
[TimeControl "5400+30"]

1. e4 e5 2. Nf3 Nc6 3. Bc4 Nf6 4. Ng5 d5 5. exd5 Na5 6. Bb5+ c6 7. dxc6 bxc6 8. Bd3 h6 9. Ne4 Nd5 10. O-O Be7 11. Ng3 O-O 12. Bf5 Ba6 13. d3 Nb7 14. Nc3 Nxc3 15. bxc3 Nd6 16. Qg4 Bg5 17. Bxg5 Qxg5 18. Qxg5 hxg5 19. Rfe1 Nxf5 20. Nxf5 Rfe8 21. Rab1 Rad8 22. Rb4 Bc8 23. Ne3 Be6 24. a3 f6 25. f3 Re7 26. Reb1 Kf7 27. Kf2 Rc7 28. a4 Ke7 29. Rb7 Rxb7 30. Rxb7+ Rd7 31. Rb8 Kd6 32. c4 Kc7 33. Rb1 Rd8 34. Nd1 g4 35. Nc3 Rh8 36. fxg4 Rxh2 37. Kg3 Rh6 38. Ne4 Rg6 39. Nf2 Bxg4 40. Nxg4 f5 41. a5 Rxg4+ 42. Kf3 Rd4 43. a6 Rd7 44. c5 Kc8 45. Ke3 Rd5 46. Rb7 Rd7 47. Rb4 Rd5 48. Rc4 Kd7 49. c3 Ke6 50. d4 exd4+ 51. cxd4 Rd8 52. Rb4 Kd5 53. Kd3 Ke6 54. Rb7 Rd7 55. Rb8 Ke7 56. Rc8 g5 57. Rxc6 f4 58. Rg6 1-0

[Event "51st La Roda Open 2025"]
[Site "La Roda"]
[Date "2025.04.19"]
[Round "8.15"]
[White "Bercaru, Vlad Ionut"]
[Black "Valmana Canto, Jaime"]
[Result "0-1"]
[Annotator "ChessBase"]
[ECO "E48"]
[WhiteElo "2076"]
[BlackElo "2385"]
[PlyCount "70"]
[EventDate "2025.04.15"]
[EventType "swiss"]
[EventCountry "ESP"]
[SourceTitle "playchess.com"]
[Source "ChessBase"]
[SourceQuality "1"]
[TimeControl "5400+30"]

1. d4 Nf6 2. c4 e6 3. Nc3 Bb4 4. e3 O-O 5. Bd3 d5 6. cxd5 exd5 7. a3 Bd6 8. Qc2 a6 9. Nge2 Re8 10. Bd2 c5 11. dxc5 Bxc5 12. O-O Nc6 13. b4 Bd6 14. Ng3 Ne5 15. Nce2 Bd7 16. Nd4 Rc8 17. Qb3 Nc4 18. Rad1 g6 19. Bc1 Ng4 20. e4 Nb6 21. Qb1 Ba4 22. Rde1 dxe4 23. Be2 Nxh2 24. Kxh2 e3 25. Bxe3 Rxe3 26. fxe3 Qh4+ 27. Kg1 Bxg3 28. Nf3 Qh6 29. Bd3 Nd5 30. Re2 Nc3 31. Qb2 Nxe2+ 32. Qxe2 Re8 33. e4 Bc7 34. g4 Bc6 35. Kg2 Qf4 0-1

[Event "51st La Roda Open 2025"]
[Site "La Roda"]
[Date "2025.04.19"]
[Round "8.16"]
[White "Suarez Alvarez, Miguel"]
[Black "Gomez Falagan, Daniel"]
[Result "0-1"]
[Annotator "RC"]
[ECO "E05"]
[WhiteElo "2036"]
[BlackElo "2254"]
[PlyCount "172"]
[EventDate "2025.04.15"]
[EventType "swiss"]
[EventCountry "ESP"]
[SourceTitle "playchess.com"]
[Source "ChessBase"]
[SourceQuality "1"]
[TimeControl "5400+30"]

1. Nf3 d5 2. d4 Nf6 3. g3 e6 4. Bg2 Be7 5. O-O O-O 6. c4 dxc4 7. Qa4 Qd5 8. Nc3 Qc6 9. Qc2 Qa6 10. e4 Nc6 11. a3 h6 12. Bf4 Na5 13. Bxc7 b5 14. d5 Nb3 15. Rad1 Bb7 16. Bf4 Bc5 17. d6 b4 18. e5 Nd7 19. axb4 Bxb4 20. Ne4 Nbc5 21. Nxc5 Nxc5 22. Ra1 Qb6 23. Be3 Bd5 24. Rfd1 Qb7 25. Nh4 Bxg2 26. Nxg2 Nd3 27. Bf4 Bc5 28. Rxd3 cxd3 29. Qxc5 Qxb2 30. Rd1 Qb3 31. Qc1 a5 32. Ne1 a4 33. Rxd3 Qb4 34. Qd2 Qe4 35. Rd4 Qb1 36. Qd1 Qb5 37. Qd3 Qa5 38. Qd2 Qb5 39. Bxh6 Qxe5 40. Rg4 Qh5 41. Rh4 Qd5 42. Rd4 Qf5 43. Be3 a3 44. Qa2 Qb5 45. Rd2 Rfc8 46. Nd3 Rc3 47. Ne1 Rc1 48. Re2 Rd1 49. Bf4 Qb1 50. Qxb1 Rxb1 51. Kg2 a2 52. Nc2 Rb2 53. d7 a1=Q 54. Nxa1 Rxe2 55. Nb3 Rd8 56. Nc5 Rc2 57. Bc7 Rxc5 58. Bxd8 Rd5 59. Bb6 Rxd7 60. Bc5 Kh7 61. Kf3 Rd5 62. Bb6 Rb5 63. Bc7 g5 64. Bd8 Rf5+ 65. Kg2 g4 66. Bb6 Rh5 67. Bd8 Kg7 68. Bh4 Rf5 69. Bd8 Kf8 70. Bc7 Ke7 71. Bf4 Rh5 72. Bc7 Kf6 73. Bd6 Kf5 74. Be7 Ke4 75. Bf6 Rf5 76. Bd8 Kd3 77. Kf1 Rh5 78. Bh4 f5 79. Kg2 Ke4 80. Bd8 e5 81. Bh4 f4 82. h3 gxh3+ 83. Kh2 fxg3+ 84. Bxg3 Kf3 85. Kh1 e4 86. Kh2 Rh7 0-1

[Event "51st La Roda Open 2025"]
[Site "La Roda"]
[Date "2025.04.19"]
[Round "8.17"]
[White "Rumbos Garcia, Alejandro Daniel"]
[Black "Talavera Garcia, Santiago"]
[Result "0-1"]
[Annotator "ChessBase"]
[ECO "B07"]
[WhiteElo "2178"]
[BlackElo "2024"]
[PlyCount "102"]
[EventDate "2025.04.15"]
[EventType "swiss"]
[EventCountry "ESP"]
[SourceTitle "playchess.com"]
[Source "ChessBase"]
[SourceQuality "1"]
[TimeControl "5400+30"]

1. c4 e5 2. Nc3 Nf6 3. Nf3 d6 4. e4 g6 5. d4 exd4 6. Nxd4 Bg7 7. Be2 Nc6 8. Be3 O-O 9. f3 a5 10. Qd2 a4 11. O-O-O Re8 12. Ndb5 Be6 13. Bg5 Nb4 14. Kb1 a3 15. b3 Qe7 16. g4 Rec8 17. Qf4 Bd7 18. Nd4 Ra5 19. h4 c6 20. Rhe1 Re5 21. Qd2 d5 22. exd5 cxd5 23. f4 Rxg5 24. hxg5 Ne4 25. Qe3 Nxc3+ 26. Qxc3 Qe4+ 27. Bd3 Qxd4 28. Qxd4 Bxd4 29. f5 Bc3 30. Re7 Bc6 31. c5 Nxd3 32. Rxd3 d4 33. Kc1 Re8 34. Rxe8+ Bxe8 35. Kd1 Bc6 36. Rg3 gxf5 37. gxf5 Be4 38. f6 Kf8 39. Rh3 Ke8 40. Rh4 Bb1 41. Kc1 Bg6 42. b4 Kd7 43. b5 Ke6 44. c6 bxc6 45. bxc6 Kd6 46. Rh2 Kxc6 47. Kd1 Kd5 48. Ke2 Bb2 49. Rh1 Ke5 50. Rf1 Bc3 51. Rg1 Bc2 0-1